 Dungeon Crawl Stone Soup version 0.30-a0-778-g2ef04afb54 (webtiles) character file.

Game seed: 1453094204603438789

39 valliere the Ruffian (level 3, -7/28 HPs)
             Began as a Draconian Transmuter on Feb 15, 2023.
             Mangled by an ogre
             ... wielding a +0 giant club
              (29 damage)
             ... on level 2 of the Dungeon.
             The game lasted 00:01:20 (1242 turns).

valliere the Ruffian (Draconian Transmuter)         Turns: 1242, Time: 00:01:21

Health: -7/28      AC:  5    Str: 14    XL:     3   Next: 28%
Magic:  6/6        EV: 12    Int: 13    God:
Gold:   65         SH:  0    Dex: 11    Spells: 5/6 levels left

rFire   . . .      SeeInvis .      - Unarmed
rCold   . . .      Faith    .    (no shield)
rNeg    . . .      Spirit   .    (body armour unavailable)
rPois   .          Reflect  .    (helmet currently unavailable)
rElec   .          Harm     .    (no cloak)
rCorr   .          Rampage  .    (no gloves)
Will    .....                    (boots currently unavailable)
Stlth   +                        (no amulet)
HPRegen 0.24/turn                (no ring)
MPRegen 0.10/turn                (no ring)

@: appendages (expiring)
A: horns 2, talons 2, AC +5, unfitting armour, cold-blooded
a: End Transformation


You were on level 2 of the Dungeon.
You had temporarily grown beastly horns and talons.
You visited 1 branch of the dungeon, and saw 2 of its levels.

You collected 65 gold pieces.

Inventory:

Scrolls
 b - a scroll of fear {unknown}
 c - a scroll of identify {unknown}
 d - a scroll of teleportation {unknown}
 f - a scroll of brand weapon {unknown}
Potions
 a - a potion of lignification
 e - a potion of heal wounds {unknown}


   Skills:
 + Level 1.6 Fighting
 + Level 2.1 Dodging
 * Level 3.4 Unarmed Combat
 + Level 2.2 Spellcasting
 * Level 2.5 Transmutations


You had 5 spell levels left.
You knew the following spells:

 Your Spells              Type           Power      Damage    Failure   Level
a - Beastly Appendage     Tmut           16%        N/A       9%          1

Your spell library contained the following spells:

 Spells                   Type           Power      Damage    Failure   Level
 Wereblood                Tmut           8%         N/A       13%         2
 Spider Form              Tmut/Pois      4%         N/A       41%         3
 Ice Form                 Ice/Tmut       4%         N/A       82%         4


Dungeon Overview and Level Annotations

Branches:
Dungeon (2/15)

Altars:


Innate Abilities, Weirdness & Mutations

You have temporarily grown beastly horns and talons.
Your plain brown scales are hard. (AC +5)
You cannot fit into any form of body armour.
You are cold-blooded and may be slowed by cold attacks.


Message History

You feel sick. The adder barely misses you.
You hit the adder but do no damage. Your kick misses the adder.
You headbutt the adder.
You kill the adder!
You feel sick.
The ball python bites you but does no damage.
The ball python misses you. x2; The ball python grabs you.
The ball python constricts you.
You completely miss the ball python. Your kick misses the ball python.
The ball python bites you. The ball python barely misses you.
The ball python constricts you. The ball python barely misses you.
You escape the ball python's grasp.
The ball python attacks as you move away!
The ball python barely misses you. x2
The ball python attacks as you move away!
The ball python bites you but does no damage.
Your transformation is almost over.
You feel sick.
You closely miss the ball python. You claw the ball python.
You kill the ball python!
You feel sick.
You hit the ball python.
You kill the ball python!
You feel sick.
You are no longer poisoned.
The ball python closely misses you. x3; The ball python grabs you.
The ball python constricts you.
You closely miss the ball python.
Your tail-slap misses the ball python.
The ball python bites you but does no damage.
The ball python constricts you.
You hit the ball python.
You kill the ball python!
You hit the ogre but do no damage. The ogre closely misses you.
You hit the ogre. You headbutt the ogre.
The ogre is moderately wounded.
You hit the ogre. You claw the ogre. You headbutt the ogre.
The ogre is severely wounded.
The ogre hits you with a +0 giant club!!
Ouch! That really hurt!
You die...

#.#....#.#.........#
#........+.........+
#........#.........#
#.##.#.####.......##
#.# ##.# ##.....##
#.####.# ##...##
#......# ##..+##
#.###### #..## #.#
#@†## #.# ##O.# #.#
#†....# ##.##
#$O.#...# #...#
....###.## #...#
#._.# ## #..<# #....
##### #...#. ...###


You could see an ogre.

Vanquished Creatures
  An adder (D:2)
  5 ball pythons
  2 endoplasms (D:1)
  2 giant cockroaches (D:1)
  3 goblins (D:1)
  4 hobgoblins (D:1)
  A quokka (D:1)
  4 bats (D:1)
  2 kobolds (D:1)
  7 rats
31 creatures vanquished.

Notes
Turn   | Place    | Note
-------+----------+-------------------------------------------
     0 | D:1      | valliere the Draconian Transmuter began the quest for the
                  | Orb.
     0 | D:1      | Reached XP level 1. HP: 16/16 MP: 3/3
   226 | D:1      | Reached XP level 2. HP: 17/23 MP: 3/5
  1164 | D:2      | Reached XP level 3. HP: 28/28 MP: 6/6
  1228 | D:2      | Found a faded altar of an unknown god.
  1231 | D:2      | Noticed an ogre
  1242 | D:2      | Mangled by an ogre

Illustrated notes

Levels and vault maps discovered:
D:1:      scummos_arrival_simple_crosswalls, layout_basic,
          hangedman_feature_mirror
D:2:      layout_loops_corners, nicolae_ecumenical_snake_handling

Skill      XL: |  1  2 |
---------------+-------+-----
Dodging        | 2 |  2.1
Fighting       | |  1.6
Unarmed Combat | |  3.4
Spellcasting   | |  2.2
Transmutations | |  2.5

Action                     || total
---------------------------++-------
  Melee: Unarmed           ||    68
         Headbutt          ||     9
         Kick              ||    11
         Tailslap          ||     5
         Punch             ||     1
   Cast: Beastly Appendage ||    22
   Stab: Sleeping          ||     1
 Armour: Skin              ||    21
  Dodge: Dodged            ||    47

Table legend: (Time is in decaauts)
 A = Elapsed time spent in this place.
 B = Non-inter-level travel time spent in this place.
 C = Inter-level travel time spent in this place.
 D = Time resting spent in this place.
 E = Time spent auto-exploring this place.
 F = Levels seen in this place.
 G = Mean time per level.
                   A        B        C        D        E       F      G
               +--------+--------+--------+--------+--------+-----+--------+
         Total |   1237 |   1237 |      0 |      0 |   1056 |   2 |  618.5 |
       Dungeon |   1237 |   1237 |      0 |      0 |   1056 |   2 |  618.5 |
               +--------+--------+--------+--------+--------+-----+--------+

Top non-repeatable levels by time:
     D:1: 1125 daAuts
     D:2: 112 daAuts
